 Dungeon Crawl Stone Soup version 0.28.0-43-g3370ac3207 (webtiles) character file.

Game seed: 8014446539459389820

1037 unlimited1921 the Magician (level 8, -3/58 HPs)
             Began as a Djinni Fire Elementalist on Mar 9, 2022.
             Was an Initiate of Gozag.
             Shot with an arrow by a centaur (10 damage)
             ... on level 5 of the Dungeon.
             The game lasted 00:28:05 (10638 turns).

unlimited1921 the Magician (DjFE)                  Turns: 10638, Time: 00:28:09

Health: -3/58      AC:  3    Str:  7    XL:     8   Next: 48%
Gold:   293        EV: 12    Int: 18    God:    Gozag SH:  0 Dex: 15

rFire   + + .      SeeInvis .   d - +0 hand axe
rCold   x . .      Faith    .   (no shield)
rNeg    . . .      Spirit   .   a - +0 robe
rPois   ∞          Reflect  .   l - +0 helmet
rElec   .          Harm     .   (no cloak)
rCorr   .          Rampage  .   (no gloves)
Will    .....                   (boots unavailable)
Stlth   ++........              (no amulet)
HPRegen 0.19/turn               (no ring)
MPRegen 0.00/turn               (no ring)

@: gold aura, flying
A: sickness immunity, fire resistance 2, cold vulnerability 1, float, innate
caster, HP casting, extra vitality 1
a: Renounce Religion, Potion Petition, Call Merchant, Bribe Branch


You were on level 5 of the Dungeon.
You worshipped Gozag.
Gozag was aware of your devotion.
You visited 1 branch of the dungeon, and saw 5 of its levels.

You collected 364 gold pieces.
You paid 71 gold pieces to Gozag.

Inventory:

Hand Weapons
 d - a +0 hand axe (weapon)
 g - a +0 hand axe
 y - a +0 war axe
 z - a +2 dagger of venom
Missiles
 b - 210 stones
 k - 25 bolts
 m - 4 boomerangs (quivered)
 n - 3 javelins
 w - 5 poisoned darts
Armour
 a - a +0 robe (worn)
 l - a +0 helmet (worn)
Jewellery
 j - a ring of ice
Scrolls
 c - a scroll of magic mapping
 e - 2 scrolls of fog {unknown}
 o - 2 scrolls of teleportation
 s - a scroll of amnesia {unknown}
 t - a scroll of enchant armour {unknown}
 u - a scroll of identify
 v - a scroll of silence {unknown}
 x - a scroll of vulnerability {unknown}
Potions
 f - 6 potions of curing {unknown}
 h - a potion of lignification
 i - 2 potions of haste
 p - a potion of invisibility
 q - a potion of degeneration {unknown}
 r - a potion of flight {unknown}


   Skills:
 * Level 4.0 Fighting
 + Level 0.1 Axes
 + Level 2.6 Dodging
 + Level 2.8 Stealth
 + Level 6.3 Spellcasting


You had one spell level left.
You knew the following spells:

 Your Spells              Type           Power      Damage    Failure   Level
a - Foxfire               Conj/Fire      100%       2x1d9     1%          1
b - Scorch                Fire           56%        2d7       1%          2
c - Conjure Flame         Conj/Fire      28%        6-21      2%          3
d - Inner Flame           Hex/Fire       28%        N/A       2%          3
e - Flame Wave            Conj/Fire      28%        2d8       9%          4
f - Shock                 Conj/Air       100%       1d9       1%          1
g - Corpse Rot            Necr/Air       56%        N/A       1%          2
h - Poisonous Vapours     Pois/Air       56%        N/A       1%          2
Your spell library was empty.

Dungeon Overview and Level Annotations

Branches:
Dungeon (5/15)
 Temple: D:4-7

Altars:
Gozag
Okawaru
Uskayaw

Shops:
D:3 :   D:5 (


Innate Abilities, Weirdness & Mutations

You are immune to sickness and miasma.
You are immune to poison.
Your flesh is very heat resistant. (rF++)
You are vulnerable to cold. (rC-)
You float through the air rather than walking.
You learn spells naturally, not from books.
Your magical power is your life essence.
You have superior vitality. (+4 MHP)


Message History

A centaur comes into view.
Found 8 gold pieces.
The centaur shouts!
The centaur wields a +0 shortbow.
The centaur shoots an arrow.
The arrow hits you!
The centaur shoots an arrow.
The arrow hits you.
You hear an angry growl.
There is an open door here.
Casting: Scorch (safe; 1% risk of failure)
Confirm with . or Enter, or press ? or * to list all spells.
Aiming: Poisonous Vapours (safe; 1% risk of failure)
Press: ? - help, Dir - move target, f - centaur
Aim: a centaur, wielding a +0 shortbow and quivering arrows Poisonous vapours surround the centaur!
The centaur is poisoned.
The centaur shoots an arrow.
The arrow hits you.
Casting: Poisonous Vapours (safe; 1% risk of failure)
Confirm with . or Enter, or press ? or * to list all spells.
Aiming: Poisonous Vapours (safe; 1% risk of failure)
Press: ? - help, Dir - move target, f/p - centaur
Aim: a centaur, wielding a +0 shortbow and quivering arrows (very poisoned) Poisonous vapours surround the centaur!
The centaur looks even sicker.
A black bear comes into view.
The centaur shoots an arrow.
The arrow hits you.
Casting: Poisonous Vapours (safe; 1% risk of failure)
Confirm with . or Enter, or press ? or * to list all spells.
Aiming: Inner Flame (dangerous; 2% risk of failure)
Press: ? - help, Dir - move target, f/p - centaur
Aim: a centaur, wielding a +0 shortbow and quivering arrows (lightly wounded, very poisoned, chance to affect: 83%)
The centaur is filled with an inner flame.
The black bear growls angrily.
The centaur shoots an arrow.
The arrow hits you!
* * * LOW HITPOINT WARNING * * *
Flame seeps out of the centaur.
The centaur is engulfed in blazing flames.
Flame seeps out of the centaur.
The centaur shoots an arrow.
The arrow hits you but does no damage.
The centaur is engulfed in blazing flames.
Flame seeps out of the centaur.
The centaur shoots an arrow.
The arrow hits you!
You die...
Your body crumbles into a pile of gold.

....... ..# #.... #...hc#
.. #.... .##....)##..#
#..##
....$.○○##..#########.##
........#.....<'.##.....
....$$☼.#......#.#.8...8
....$.§)'......#.#......
#.. #'##.##.##....._..
######..##@##########......
#...#...............#.8...8
#...#....^..........##.....
#...##..##.##.######.###.##
#...######.#########...#...
#...........#....#.........
#...........#....#........)
#...........#...###'#####'#
#..........##...##.....##..


You could see a black bear and a centaur (inner flame, very poisoned).

Vanquished Creatures
  Pargi (D:3)
  A sky beast (D:3)
  A black bear (D:4)
  An ogre (D:5)
  A scorpion (D:4)
  A water moccasin skeleton (D:5)
  A howler monkey (D:4)
  3 orc priests (D:5)
  A hound (D:4)
  Natasha (thrice) (D:3)
  5 orc wizards
  A hound skeleton (D:5)
  Robin (D:3)
  7 adders
  3 gnolls (D:5)
  2 worms (D:2)
  The ghost of Icepheonix32 the Sneak, a weakling DsDe of Okawaru (D:4)
  3 dart slugs
  11 orcs
  5 ball pythons
  3 bats
  6 endoplasms
  12 goblins
  14 hobgoblins
  4 kobolds
  6 quokkas
  2 frilled lizards
  4 rats
104 creatures vanquished.

Vanquished Creatures (others)
  145 foxfires
  6 plants (D:3)
151 creatures vanquished.

Grand Total: 255 creatures vanquished

Notes
Turn   | Place    | Note
-------+----------+-------------------------------------------
     0 | D:1      | unlimited1921 the Djinni Fire Elementalist began the quest
                  | for the Orb.
     0 | D:1      | Reached XP level 1. HP: 15/15 MP: 0/0
   429 | D:1      | Reached XP level 2. HP: 16/21 MP: 0/0
  2311 | D:1      | Reached XP level 3. HP: 23/26 MP: 0/0
  2311 | D:1      | Learned a level 1 spell: Shock
  2360 | D:1      | Reached skill level 3 in Spellcasting
  3019 | D:2      | Reached skill level 1 in Fighting
  3181 | D:2      | Reached XP level 4. HP: 32/32 MP: 0/0
  5687 | D:3      | Noticed Natasha
  5689 | D:3      | Killed Natasha
  5690 | D:3      | Reached XP level 5. HP: 32/38 MP: 0/0
  5690 | D:3      | Learned a level 2 spell: Corpse Rot
  5923 | D:3      | Noticed Robin
  5962 | D:3      | Killed Robin
  6729 | D:3      | Noticed a sky beast
  6739 | D:3      | Killed a sky beast
  6740 | D:3      | Reached skill level 4 in Spellcasting
  6740 | D:3      | Reached XP level 6. HP: 12/45 MP: 0/0
  7089 | D:3      | Noticed Natasha
  7090 | D:3      | Noticed Pargi
  7093 | D:3      | Killed Natasha
  7096 | D:3      | Killed Pargi
  7097 | D:3      | Reached XP level 7. HP: 19/49 MP: 0/0
  7097 | D:3      | Learned a level 2 spell: Poisonous Vapours
  7336 | D:3      | Found Faxkoeru's Book Shoppe.
  7435 | D:3      | Noticed Natasha
  7441 | D:3      | Killed Natasha
  8361 | D:4      | Reached skill level 5 in Spellcasting
  8782 | D:4      | Found a hide-covered altar of Uskayaw.
  8808 | D:4      | Noticed Icepheonix32's ghost (weakling DsDe)
  8813 | D:4      | Found a runed translucent door.
  8826 | D:4      | Killed Icepheonix32's ghost
  9621 | D:5      | Entered Level 5 of the Dungeon
  9625 | D:5      | Found an opulent altar of Gozag.
  9632 | D:5      | Became a worshipper of Gozag Ym Sagoz the Greedy
  9658 | D:5      | Found Kimn's Weapon Shoppe.
  9876 | D:5      | Found an iron altar of Okawaru.
  9883 | D:5      | Reached XP level 8. HP: 48/56 MP: 0/0
 10435 | D:5      | Reached skill level 6 in Spellcasting
 10638 | D:5      | Shot with an arrow by a centaur

Illustrated notes

Levels and vault maps discovered:
D:1:      arrival_zaba_pyramid, layout_basic
D:2:      minmay_skewed_foursquare, layout_basic
D:3:      layout_loops_ring, serial_forest, infiniplex_forest_end_1,
          infiniplex_forest_straight_4, infiniplex_forest_fountain,
          infiniplex_forest_lined_ring, infiniplex_forest_straight_3,
          infiniplex_forest_clump_curved, infiniplex_forest_lined_room_2,
          serial_shops, nicolae_shop_statue_plus, uniq_robin, uniq_natasha,
          uniq_pargi
D:4:      layout_basic, mainiacjoe_overflow_six_doors_small,
          hellmonk_ghost_happy_afterlife
D:5:      layout_gridville, grunt_gozag_statues, mainiacjoe_overflow_boulevard,
          serial_shops, nicolae_diamond_shop

Skill      XL: |  1  2  3  4  5  6  7  8 |
---------------+-------------------------+-----
Spellcasting   | 3 4 5 6 |  6.3
Fighting       | 1 2 3 4 |  4.0
Stealth        | 2 |  2.8
Axes           | |  0.1
Dodging        | |  2.6

Action                   |  1- 3 |  4- 6 |  7- 9 || total
-------------------------+-------+-------+-------++-------
Melee: Hand axe          |       |       |     2 ||     2
 Cast: Foxfire           |    65 |    17 |     4 ||    86
       Scorch            |     3 |    46 |    26 ||    75
       Inner Flame       |       |     7 |    16 ||    23
       Shock             |       |     4 |       ||     4
       Corpse Rot        |       |     2 |       ||     2
       Poisonous Vapours |       |       |    15 ||    15
  Use: Scroll            |       |       |     4 ||     4
Armor: Robe              |     1 |     4 |     3 ||     8
Dodge: Dodged            |     5 |     4 |     5 ||    14
